 Dungeon Crawl Stone Soup version 0.23.2-30-g0e89c35649 (webtiles) character file.

Game seed: 9502106711868091820

136 troglodite the Digger (level 4, 0/38 HPs)
             Began as a Deep Dwarf Earth Elementalist on June 18, 2019.
             Slain by an ogre
             ... wielding a +0 giant club
              (12 damage)
             ... on level 6 of the Dungeon.
             The game lasted 00:12:03 (2096 turns).

troglodite the Digger (DDEE)                        Turns: 2096, Time: 00:12:03

Health: 0/38       AC:  2    Str: 11    XL:     4   Next: 98%
Magic:  0/7        EV: 13    Int: 17    God:
Gold:   89         SH:  0    Dex: 13    Spells: 3/7 levels left

rFire    . . .     SeeInvis .   a - +0 dagger
rCold    . . .     Gourm    .   (no shield)
rNeg     . . .     Faith    .   c - +0 robe
rPois    .         Spirit   .   (no helmet)
rElec    .         Reflect  .   (no cloak)
rCorr    .         Harm     .   (no gloves)
MR       .....                  (no boots)
Stlth    ++........             (no amulet)
HPRegen  0.00/turn              (no ring)
MPRegen  0.10/turn              (no ring)

@: non-regenerating
A: damage resistance, heal wounds, sense surroundings 1, no regeneration
a: Heal Wounds


You were on level 6 of the Dungeon.
You were hungry.

You visited 1 branch of the dungeon, and saw 4 of its levels.

You collected 89 gold pieces.

Inventory:

Hand Weapons
 a - a +0 dagger (weapon)
 i - a +0 hunting sling
Missiles
 b - 18 stones (quivered)
 o - 16 sling bullets
Armour
 c - a +0 robe (worn)
Scrolls
 g - 3 scrolls of remove curse {unknown}
 h - a scroll of magic mapping {unknown}
 j - 2 scrolls of teleportation
 l - a scroll of noise {unknown}
 p - a scroll of random uselessness {unknown}
 q - a scroll of blinking {unknown}
Potions
 e - 2 potions of magic {unknown}
 k - a potion of invisibility {unknown}
 m - a potion of brilliance {unknown}
 n - a potion of lignification {unknown}


   Skills:
 * Level 1.2 Fighting
 + Level 0.4 Short Blades
 * Level 1.0 Slings
 * Level 3.0 Dodging
 * Level 2.9 Stealth
 + Level 0.1 Unarmed Combat
 * Level 2.2 Spellcasting
 * Level 0.7 Conjurations
   Level 0.8 Transmutations
 * Level 5.3 Earth Magic


You had 3 spell levels left.
You knew the following spells:

 Your Spells              Type           Power        Failure   Level  Hunger
a - Sandblast             Erth           ###...       1%          1    #......
b - Stone Arrow           Conj/Erth      ##....       16%         3    ###....

Your spell library contained the following spells:

 Spells                   Type           Power        Failure   Level  Hunger
 Passwall                 Tmut/Erth      ##......     8%          2    ###....
 Petrify                  Tmut/Erth      ##......     45%         4    #####..
 Lee's Rapid Deconstruct  Erth           ###.......   50%         5    ######.


Dungeon Overview and Level Annotations

Branches:
Dungeon (4/15)
 Temple: D:4-7

Altars:

Annotations:
D:2 Robin


Innate Abilities, Weirdness & Mutations

You are resistant to damage.
You can heal yourself by infusing magical energy.
You passively map a small area around you.
You do not regenerate.


Message History

Press: ? - help, Shift-Dir - straight line, f/p - ogre
Aim: an ogre, wielding a +0 giant club (heavily wounded)
The blast of sand hits the ogre.
The ogre is severely wounded.
b - 18 stones You hit the ogre but do no damage.
The ogre is severely wounded.
The ogre closely misses you.
You hit the ogre but do no damage.
The ogre is severely wounded.
The ogre barely misses you.
You barely miss the ogre.
The ogre is severely wounded.
The ogre hits you with a +0 giant club!!
You hit the ogre.
The ogre is severely wounded.
You barely miss the ogre.
The ogre is severely wounded.
The ogre hits you with a +0 giant club!
You die...

* #..# ,* #..#
* #.####..#
#.......# ###*
######.########
#.., ,,
#.............#
#O# * *
#.####.######.#
#.# .......#
#.#######.#
#.######
#...@O....# ,
###########


You could see an ogre.

Vanquished Creatures
  A scorpion (D:4)
  An orc wizard (D:4)
  2 oozes
  A dart slug (D:1)
  2 leopard geckos
  3 orcs (D:4)
  2 giant cockroaches (D:1)
  4 goblins (D:1)
  6 hobgoblins (D:1)
  3 jackals (D:4)
  4 kobolds (D:1)
  A ball python (D:1)
  2 bats (D:1)
  2 frilled lizards
  4 rats (D:1)
38 creatures vanquished.

Notes
Turn   | Place    | Note
-------+----------+-------------------------------------------
     0 | D:1      | troglodite the Deep Dwarf Earth Elementalist began the
                  | quest for the Orb.
     0 | D:1      | Reached XP level 1. HP: 15/15 MP: 3/3
   258 | D:1      | Reached XP level 2. HP: 24/24 MP: 4/4
   805 | D:1      | Reached XP level 3. HP: 21/30 MP: 5/5
   947 | D:2      | Noticed Robin
   963 | D:1      | Reached skill level 5 in Earth Magic
  1582 | D:2      | Learned a level 3 spell: Stone Arrow
  1597 | D:2      | Reached skill level 1 in Fighting
  1609 | D:2      | You fall through a shaft for 2 floors!
  1614 | D:4      | Noticed an orc warrior
  1643 | D:4      | Reached XP level 4. HP: 32/38 MP: 1/7
  1932 | D:4      | Reached skill level 1 in Slings
  2058 | D:4      | You fall through a shaft for 2 floors!
  2082 | D:6      | Noticed an ogre
  2096 | D:6      | Slain by an ogre

Skill      XL: |  1  2  3  4 |
---------------+-------------+-----
Earth Magic    | 5 |  5.3
Fighting       | 1 |  1.2
Spellcasting   | 2 |  2.2
Slings         | 1 |  1.0
Dodging        | 3 |  3.0
Short Blades   | |  0.4
Stealth        | |  2.9
Unarmed Combat | |  0.1
Conjurations   | |  0.7
Transmutations | |  0.8

Action                   |  1- 3 |  4- 6 || total
-------------------------+-------+-------++-------
Melee: Unarmed           |    34 |       ||    34
       Dagger            |    44 |    38 ||    82
 Cast: Sandblast         |    28 |     6 ||    34
       Stone Arrow       |     1 |     5 ||     6
 Abil: Heal Wounds       |     2 |     3 ||     5
  Use: Scroll            |       |     1 ||     1
 Stab: Sleeping          |     6 |       ||     6
  Eat: Chunk             |     1 |       ||     1
       Ration            |       |     1 ||     1
Armor: Robe              |    14 |     3 ||    17
Dodge: Dodged            |    68 |    26 ||    94
